 Dungeon Crawl Stone Soup version 0.25-a0-1024-gbfbf38f2cb (webtiles) character file.

Game seed: 17147881918726043884, levelgen mode: deterministic

425 Flugslaktarn the Skirmisher (level 6, -3/67 HPs)
             Began as an Ogre Fighter on May 12, 2020.
             Was an Initiate of Ru.
             Slain by a sky beast (5 damage)
             ... on level 5 of the Dungeon.
             The game lasted 00:01:46 (4801 turns).

Flugslaktarn the Skirmisher (Ogre Fighter)          Turns: 4801, Time: 00:01:47

Health: -3/67      AC:  3    Str: 21    XL:     6   Next: 96%
Magic:  6/6        EV:  9    Int:  9    God:    Ru [......]
Gold:   135        SH:  9    Dex: 10    Spells: 5/5 levels left

rFire    + . .     SeeInvis .   a - +0 war axe
rCold    + . .     Gourm    .   c - +0 kite shield
rNeg     . . .     Faith    .   b - +0 robe
rPois    +         Spirit   .   (helmet restricted)
rElec    +         Reflect  .   (no cloak)
rCorr    +         Harm     .   (gloves unavailable)
MR       .....                  (boots unavailable)
Stlth    +.........             (no amulet)
HPRegen  0.21/turn              (no ring)
MPRegen  0.10/turn              (no ring)

@: mighty, brilliant, resistant, stab
A: large, unfitting armour, tough skin 1
a: Renounce Religion


You were on level 5 of the Dungeon.
You worshipped Ru.
Ru was noncommittal.
You were hungry.

You visited 2 branches of the dungeon, and saw 6 of its levels.

You collected 135 gold pieces.

Inventory:

Hand Weapons
 a - a +0 war axe (weapon)
Armour
 b - a +0 robe (worn)
 c - a +0 kite shield (worn)
Jewellery
 t - an uncursed ring of protection from fire {unknown}
   (You found it on level 4 of the Dungeon)
Wands
 r - a wand of paralysis (6)
   (You found it on level 4 of the Dungeon)
Scrolls
 f - 2 scrolls of magic mapping {unknown}
 i - 2 scrolls of enchant weapon {unknown}
 j - a scroll of remove curse {unknown}
 l - a scroll of amnesia {unknown}
 m - a scroll of fear {unknown}
 o - 3 scrolls of immolation {unknown}
 p - 3 scrolls of identify {unknown}
 s - a scroll of enchant armour {unknown}
Potions
 g - a potion of mutation {unknown}
 h - a potion of stabbing
 k - a potion of brilliance
 n - a potion of resistance
 q - a potion of curing {unknown}
 u - a potion of magic {unknown}
Comestibles
 e - 13 rations


   Skills:
 + Level 5.6 Fighting
 * Level 4.7 Axes
 + Level 3.9 Dodging
 + Level 3.9 Shields


You had 5 spell levels left.
You didn't know any spells.
Your spell library was empty.

Dungeon Overview and Level Annotations

Branches:
Dungeon (5/15)             Temple (1/1) D:4

Altars:
Ashenzari
Cheibriados
Dithmenos
Elyvilon
Fedhas
Gozag
Kikubaaqudgha
Makhleb
Nemelex Xobeh
Okawaru
Qazlal
Ru
Sif Muna
Trog
Uskayaw
Vehumet
Wu Jian
Xom
Yredelemnul
Zin
The Shining One


Innate Abilities, Weirdness & Mutations

You are too large for most types of armour.
You have tough skin. (AC +1)


Message History

Something hits you.
* * * LOW HITPOINT WARNING * * *
Something shocks you. You resist.
* * * LOW HITPOINT WARNING * * *
Something hits you but does no damage.
It was a potion of brilliance.
You feel clever all of a sudden.
A sky beast appears from thin air!
Reactivating autopickup.
The sky beast hits you but does no damage.
Something hits you.
* * * LOW HITPOINT WARNING * * *
Something shocks you. You resist.
* * * LOW HITPOINT WARNING * * *
Deactivating autopickup; reactivate with Ctrl-A.
It was a potion of stabbing.
You feel ready to backstab.
The sky beast hits you but does no damage.
Something hits you.
You die...

#..# #..#
#.## #:#
#.# #.# #.#
#########.#
......{@Y.#
.########.#
...> ##.###
... #..
#..# #..#


You could see a sky beast.

Vanquished Creatures
  Menkaure (D:4)
  A scorpion (D:3)
  A hound (D:4)
  An orc wizard (D:3)
  An orc priest (D:3)
  2 worker ants (D:4)
  5 adders
  2 oozes
  An adder skeleton (D:4)
  A worm (D:4)
  A leopard gecko (D:1)
  9 orcs (D:3)
  3 bats
  7 goblins
  5 hobgoblins
  A quokka (D:4)
  4 ball pythons
  A jackal skeleton (D:4)
  5 kobolds
  4 rats
56 creatures vanquished.

Notes
Turn   | Place    | Note
-------+----------+-------------------------------------------
     0 | D:1      | Flugslaktarn the Ogre Fighter began the quest for the Orb.
     0 | D:1      | Reached XP level 1. HP: 24/24 MP: 1/1
   220 | D:1      | Reached XP level 2. HP: 32/32 MP: 2/2
   683 | D:1      | Found a sparkling altar of Nemelex Xobeh.
  1561 | D:2      | Reached XP level 3. HP: 30/40 MP: 3/3
  1970 | D:3      | Noticed a scorpion
  1978 | D:3      | Killed a scorpion
  1978 | D:3      | Reached XP level 4. HP: 42/49 MP: 4/4
  2083 | D:3      | Reached XP level 5. HP: 51/55 MP: 5/5
  2535 | D:3      | Reached skill level 5 in Fighting
  3053 | D:4      | Found a staircase to the Ecumenical Temple.
  3097 | Temple   | Entered the Ecumenical Temple
  3465 | Temple   | Became a worshipper of Ru the Awakened
  3547 | D:4      | Reached XP level 6. HP: 42/66 MP: 6/6
  3704 | D:4      | Noticed Menkaure
  3715 | D:4      | Killed Menkaure
  4768 | D:5      | Entered Level 5 of the Dungeon
  4789 | D:5      | Noticed a sky beast
  4790 | D:5      | Noticed a sky beast
  4800 | D:5      | HP: 2/67 [something (2)]
  4801 | D:5      | Slain by a sky beast

Illustrated notes

Levels and vault maps discovered:
D:1:      dpeg_arrival_round_a, layout_basic, nemelex_diamond_rough_becter
D:2:      layout_basic, chequers_ecumenical_altar_lobes
D:3:      layout_loops_ring
D:4:      layout_gridville, minmay_temple_entry_offerings,
          cheibrodos_sewer_entry_sluice, minmay_tree_intersection, uniq_menkaure
D:5:      layout_loops_ring, serial_shops, shop_fountains, first_ration,
          tgw_fedhas, uniq_blork_the_orc
Temple:   kilobyte_greek_temple

Skill      XL: |  1  2  3  4  5 |
---------------+----------------+-----
Dodging        | 3 |  3.9
Shields        | 3 |  3.9
Axes           | 3 4 |  4.7
Fighting       | 5 |  5.6

Action                   |  1- 3 |  4- 6 || total
-------------------------+-------+-------++-------
Melee: War axe           |    79 |   157 ||   236
Evoke: Wand              |       |     1 ||     1
  Use: Potion            |       |     4 ||     4
 Stab: Paralysed         |       |     4 ||     4
  Eat: Ration            |     1 |     1 ||     2
       Chunk             |       |     5 ||     5
Armor: Robe              |    22 |    31 ||    53
Dodge: Dodged            |    34 |    60 ||    94
Block: Kite shield       |    40 |    58 ||    98

Table legend:
 A = Non-vault XP
 B = Vault XP
 C = Vault XP percentage of total XP
 D = Non-vault monster count
 E = Vault monster count
 F = Vault count percentage of total count
                 A         B        C        D         E       F
            +---------+---------+-------+---------+---------+-------
      Total |     431 |     177 |  29.1 |      52 |       4 |   7.1
            +---------+---------+-------+---------+---------+-------
        D:1 |      21 |       0 |   0.0 |      11 |       0 |   0.0
        D:2 |      26 |       0 |   0.0 |       6 |       0 |   0.0
        D:3 |     219 |       0 |   0.0 |      25 |       0 |   0.0
        D:4 |     165 |     177 |  51.8 |      10 |       4 |  28.6
            +---------+---------+-------+---------+---------+-------
